 Dungeon Crawl Stone Soup version 0.27-a0-1219-g958d993ae5 (webtiles) character file.

Game seed: 309739303047048341

142 patchburns1 the Magician (level 5, 0/29 HPs)
             Began as a Deep Elf Hedge Wizard on June 7, 2021.
             Killed from afar by Sigmund (11 damage)
             ... with a magic dart
             ... on level 3 of the Dungeon.
             The game lasted 00:16:12 (3255 turns).

patchburns1 the Magician (Deep Elf Hedge Wizard)    Turns: 3255, Time: 00:16:12

Health: 0/29       AC:  2    Str:  7    XL:     5   Next: 3%
Magic:  1/14       EV: 13    Int: 20    God:
Gold:   77         SH:  5    Dex: 14    Spells: 3/14 levels left

rFire    . . .     SeeInvis .   v - +1 rapier (venom)
rCold    . . .     Faith    .   (no shield)
rNeg     . . .     Spirit   .   p - +0 robe
rPois    .         Reflect  +   c - +0 hat
rElec    .         Harm     .   (no cloak)
rCorr    .         Rampage  .   (no gloves)
Will     +....                  (no boots)
Stlth    ++........             z - amulet of reflection
HPRegen  0.09/turn              h - ring of flight
MPRegen  0.14/turn              r - ring of willpower

@: flying
A: no striking features
a: no special abilities


You were on level 3 of the Dungeon.
You visited 1 branch of the dungeon, and saw 3 of its levels.

You collected 107 gold pieces.
You spent 30 gold pieces at shops.

Inventory:

Hand Weapons
 a - a +0 dagger
 i - a +0 hunting sling
 v - a +1 rapier of venom (weapon)
Missiles
 g - 91 arrows
 m - 53 stones
 o - 49 bolts
Armour
 b - +0 ice dragon scales
 c - a +0 hat (worn)
 p - a +0 robe (worn)
 u - a +0 kite shield
Magical Staves
 k - a staff of earth
Jewellery
 h - a ring of flight (left hand)
 r - a ring of willpower (right hand)
 z - an amulet of reflection (around neck)
Scrolls
 f - a scroll of enchant armour
 j - a scroll of fog {unknown}
 q - a scroll of amnesia {unknown}
 s - a scroll of fear {unknown}
 w - a scroll of magic mapping {unknown}
 y - a scroll of teleportation {unknown}
 A - a scroll of vulnerability {unknown}
 B - a scroll of holy word {unknown}
 C - 2 scrolls of torment {unknown}
Potions
 d - a potion of magic
 e - a potion of haste {unknown}
 l - a potion of berserk rage {unknown}
 n - 2 potions of curing
 t - a potion of brilliance {unknown}
 x - a potion of might {unknown}


   Skills:
 + Level 1.0 Fighting
 + Level 3.2 Dodging
 + Level 3.1 Stealth
 + Level 0.1 Shields
 + Level 5.1 Spellcasting
 * Level 2.1 Conjurations
 - Level 2.0 Summonings
 - Level 2.0 Translocations
 + Level 0.7 Fire Magic
 + Level 0.5 Air Magic
 + Level 0.3 Poison Magic
 + Level 0.3 Evocations


You had 3 spell levels left.
You knew the following spells:

 Your Spells              Type           Power      Damage    Failure   Level
a - Magic Dart            Conj           52%        1d5       4%          1
b - Blink                 Tloc           N/A        N/A       8%          2
c - Call Imp              Summ           13%        N/A       8%          2
d - Mephitic Cloud        Conj/Pois/Air  9%         N/A       22%         3
e - Conjure Flame         Conj/Fire      10%        6-21      19%         3

Your spell library contained the following spells:

 Spells                   Type           Power      Damage    Failure   Level
 Slow                     Hex            5%         N/A       17%         2


Dungeon Overview and Level Annotations

Branches:
Dungeon (3/15)

Altars:
Kikubaaqudgha
Zin

Shops:
D:2 [!(

Annotations:
D:3 Sigmund


Message History

Confirm with . or Enter, or press ? or * to list all spells.
A beastly little devil appears in a puff of flame.
Something misses your crimson imp.
You start resting.
Something hits your crimson imp.
Your crimson imp's magic leaks into the air.
You start resting.
Something hits your crimson imp!
Your crimson imp dies!
You start resting.
Your magical contamination has completely faded away.
You start resting.
Something hits you!
You feel your power leaking away.
You start resting.
Something hits you!
You feel your power leaking away.
Something closely misses your white imp.
You don't have enough magic to cast this spell.
Unknown command.
Something hits your white imp.
Your white imp's magic leaks into the air.
Your white imp gestures at Sigmund.
The puff of frost hits Sigmund!
Your white imp barely misses Sigmund.
Sigmund hits your white imp with a +1 antimagic scythe.
Your white imp's magic leaks into the air.
Your white imp completely misses Sigmund.
Your white imp barely misses Sigmund.
Your white imp disappears in a puff of smoke!
Your white imp gestures at Sigmund.
The puff of frost hits Sigmund!
You are too injured to fight recklessly!
Aiming: Magic Dart (safe; 4% risk of failure)
Press: ? - help, Q - select action, (/) - cycle Shift-Dir - straight line, f - Sigmund
Aim: Sigmund, wielding a +1 antimagic scythe and wearing a +0 robe (severely wounded, ally target, 100% to hit)
The magic dart hits Sigmund.
Sigmund is severely wounded.
Unknown command.
You don't have enough magic to cast this spell.
Sigmund mumbles some strange words.
Sigmund flickers and vanishes!
A magic dart appears from out of thin air!
The magic dart hits you!
You die...

#...............#.............
####.###########.###.#######.....
...#.###########.....# #..####
##.#..#..........#'### #.##..#
##.##.#.####........# #####..†...
##..................# #......##..
#####.#.............# #.....##†.#
#.................<.# #.....#..##
#.###.##........@...# #.....#....
#.# #.##.#'#........###.....##..#
#.###+##.#.'........'.+......####
#.#......###........###..........
#.#..............................
#.#.......{#.########.......#....
#.........5...# #.#.....#....
##########.#..# #.##'#..#..#'
.......{.#.#..# #.##.#..#..#.


There were no monsters in sight!

Vanquished Creatures
  Jessica (D:2)
  An orc wizard (D:3)
  4 adders
  2 orcs (D:3)
  5 endoplasms
  3 hobgoblins
  4 jackals (D:2)
  5 quokkas
  9 ball pythons
  6 bats
  4 frilled lizards
  5 goblins
  4 kobolds
  4 rats
57 creatures vanquished.

Notes
Turn   | Place    | Note
-------+----------+-------------------------------------------
     0 | D:1      | patchburns1 the Deep Elf Hedge Wizard began the quest for
                  | the Orb.
     0 | D:1      | Reached XP level 1. HP: 10/10 MP: 7/7
   161 | D:1      | Found a faded altar of an unknown god.
   471 | D:1      | Reached XP level 2. HP: 15/15 MP: 7/9
   959 | D:2      | Found Tinul's Antique Weapon Shoppe.
  1022 | D:2      | Noticed Jessica
  1029 | D:2      | Killed Jessica
  1030 | D:2      | Reached XP level 3. HP: 20/20 MP: 2/11
  1033 | D:2      | Learned a level 2 spell: Blink
  1036 | D:2      | Learned a level 2 spell: Call Imp
  1040 | D:2      | Learned a level 3 spell: Mephitic Cloud
  1044 | D:2      | Learned a level 3 spell: Conjure Flame
  1716 | D:2      | Found Luzehoh's Armour Shop.
  1733 | D:2      | Reached XP level 4. HP: 24/24 MP: 0/12
  1827 | D:2      | Found Hausopn's Distillery.
  1857 | D:2      | Bought a potion of curing for 30 gold pieces
  2439 | D:3      | Reached skill level 5 in Spellcasting
  2462 | D:3      | Found a glowing silver altar of Zin.
  2730 | D:3      | Found an ancient bone altar of Kikubaaqudgha.
  2735 | D:3      | Reached skill level 1 in Fighting
  2916 | D:3      | Reached XP level 5. HP: 26/29 MP: 7/14
  3214 | D:3      | Noticed Sigmund
  3255 | D:3      | Killed from afar by Sigmund

Illustrated notes

Levels and vault maps discovered:
D:1:      pf_arrival_petrified_forest, layout_basic, basic_ecumenical_altar
D:2:      layout_rooms, serial_shops, shop_statue, shop, shop,
          minmay_misc_feat_x, uniq_jessica
D:3:      layout_basic, overflow_temple_1_default, zin_academy,
          minmay_close_crescents, uniq_sigmund

Skill      XL: |  1  2  3  4 |
---------------+-------------+-----
Summonings     | 2 |  2.0
Stealth        | 3 |  3.1
Dodging        | 3 |  3.2
Spellcasting   | 5 |  5.1
Conjurations   | 2 |  2.1
Fighting       | 1 |  1.0
Translocations | 2 |  2.0
Shields        | |  0.1
Fire Magic     | |  0.7
Air Magic      | |  0.5
Poison Magic   | |  0.3
Evocations     | |  0.3

Action                   |  1- 3 |  4- 6 || total
-------------------------+-------+-------++-------
Melee: Dagger            |    21 |     1 ||    22
       Rapier            |       |    34 ||    34
 Cast: Magic Dart        |    69 |    24 ||    93
       Conjure Flame     |     2 |       ||     2
       Call Imp          |       |     4 ||     4
  Use: Scroll            |       |     2 ||     2
 Stab: Sleeping          |     3 |     1 ||     4
Armor: Robe              |     7 |     7 ||    14
Dodge: Dodged            |    18 |    39 ||    57

Table legend: (Time is in decaauts)
 A = Elapsed time spent in this place.
 B = Non-inter-level travel time spent in this place.
 C = Inter-level travel time spent in this place.
 D = Time resting spent in this place.
 E = Time spent auto-exploring this place.
 F = Levels seen in this place.
 G = Mean time per level.
                   A        B        C        D        E       F      G
               +--------+--------+--------+--------+--------+-----+--------+
         Total |   3258 |   3145 |    113 |    531 |   2032 |   3 | 1086.0 |
       Dungeon |   3258 |   3145 |    113 |    531 |   2032 |   3 | 1086.0 |
               +--------+--------+--------+--------+--------+-----+--------+

Top non-repeatable levels by time:
     D:3: 1178 daAuts
     D:2: 1168 daAuts
     D:1: 911 daAuts
